 Dungeon Crawl Stone Soup version 0.29-a0-887-gcbe080d7e0 (webtiles) character file.

Game seed: 9714096618188063104

288439 RBrandon the Marksfrog (level 20, 0/164 HPs)
             Began as a Barachi Necromancer on July 20, 2022.
             Was an Elder of Sif Muna.
             Slain by a deep troll (2 damage)
             ... led by an ironbound preserver
             ... on level 2 of the Vaults on July 22, 2022.
             The game lasted 03:14:16 (40671 turns).

RBrandon the Marksfrog (Barachi Necromancer)       Turns: 40671, Time: 03:14:16

Health: 0/164      AC: 25    Str: 13    XL:     20   Next: 69%
Magic:  11/35      EV: 17    Int: 21    God:    Sif Muna [****..]
Gold:   3026       SH:  0    Dex: 16    Spells: 3/42 levels left

rFire   . . .      SeeInvis .   a - +8 triple crossbow (vorpal)
rCold   . . .      Faith    .   (shield currently unavailable)
rNeg    . . .      Spirit   .   D - +0 troll leather armour
rPois   .          Reflect  .   v - +2 helmet
rElec   .          Harm     +   X - +2 cloak
rCorr   .          Rampage  .   u - +4 pair of gloves of Fedhas's Displeasure {Harm Will- Str+3}
Will    .....                   O - +0 pair of boots
Stlth   ++........              (no amulet)
HPRegen 1.17/turn               p - +4 ring of protection
MPRegen 0.24/turn               k - +4 ring of protection

@: death channelling (expiring), channelling, slow
A: amphibious, slowness 1, strong legs 2, +LOS
}: 2/15 runes: barnacled, gossamer
a: Hop, Renounce Religion, Channel Magic, Forget Spell, Divine Exegesis


You were on level 2 of the Vaults.
You worshipped Sif Muna.
Sif Muna was greatly pleased with you.
You visited 7 branches of the dungeon, and saw 33 of its levels.
You visited the Abyss 1 time.
You also visited: Ossuary and Ice Cave.

You collected 3925 gold pieces.
You spent 899 gold pieces at shops.

Inventory:

Hand Weapons
 a - a +8 vorpal triple crossbow (weapon)
   (You found it on level 8 of the Dungeon)
Missiles
 e - 18 javelins
 l - 6 throwing nets
 x - 3 curare-tipped darts
Armour
 s - a scarf of repulsion
   (You found it on level 3 of the Dungeon)
 u - the +4 pair of gloves of Fedhas's Displeasure (worn) {Harm Will- Str+3}
   (You acquired it on level 1 of the Spider Nest)

   Str:       It affects your strength (+3).
   Harm:      It increases damage dealt and taken.
   Will:      It decreases your willpower.
 v - a +2 helmet (worn)
 D - a +0 troll leather armour (worn)
 O - a +0 pair of boots (worn)
 X - a +2 cloak (worn)
Jewellery
 b - a ring of resist corrosion
 g - a ring of willpower
 k - a +4 ring of protection (right hand)
 p - a +4 ring of protection (left hand)
 L - a ring of poison resistance
 P - a ring of protection from cold
 Q - a +4 ring of evasion
Wands
 y - a wand of quicksilver (18)
 B - a wand of mindburst (13)
 E - a wand of flame (57)
 R - a wand of paralysis (21)
 T - a wand of roots (7)
 Y - a wand of polymorph (7)
Scrolls
 d - 5 scrolls of blinking
 f - 16 scrolls of identify
 i - 7 scrolls of magic mapping
 m - 7 scrolls of teleportation
 o - a scroll of summoning
 q - 4 scrolls of vulnerability
 N - 2 scrolls of fog
 U - 3 scrolls of silence
 W - 2 scrolls of fear
Potions
 c - 3 potions of curing
 h - 4 potions of haste
 j - 3 potions of attraction
 n - 4 potions of brilliance
 r - 4 potions of magic
 z - 3 potions of cancellation
 A - 5 potions of ambrosia
 F - 6 potions of lignification
 H - 4 potions of flight
 I - 5 potions of mutation
 J - 6 potions of heal wounds
 K - 3 potions of resistance
 M - a potion of might
Miscellaneous
 t - a piece from Xom's chessboard (15/15)
 w - a condenser vane (inert)
 C - a tin of tremorstones (2/2)
 G - a phial of floods
 S - a lightning rod (4/4)
 Z - a box of beasts


   Skills:
 - Level 15.9 Fighting
 + Level 20.6 Ranged Weapons
 - Level 4.7 Armour
 - Level 10.7 Dodging
 - Level 1.7 Stealth
 - Level 11.8 Spellcasting
 - Level 10.0 Conjurations
 - Level 7.8 Hexes
 - Level 12.4 Necromancy
 - Level 8.0 Translocations
 - Level 8.5 Earth Magic
 - Level 10.7 Invocations
 - Level 5.7 Evocations


You had 3 spell levels left.
You knew the following spells:

 Your Spells              Type           Power      Damage    Failure   Level
a - Necrotise             Necr           100%       1d9       1%          1
b - Vampiric Draining     Necr           59%        2d10      1%          3
c - Animate Dead          Necr           59%        N/A       1%          4
d - Portal Projectile     Hex/Tloc       90%        N/A       1%          3
e - Blink                 Tloc           92%        N/A       1%          2
f - Death Channel         Necr           29%        N/A       6%          6
g - Borgnjor's Vile Clut  Necr/Erth      27%        N/A       2%          5
h - Leda's Liquefaction   Hex/Erth       23%        N/A       2%          4
i - Anguish               Hex/Necr       26%        N/A       1%          4
j - Apportation           Tloc           92%        N/A       1%          1
k - Dispel Undead         Necr           59%        3d21      1%          4
l - Sublimation of Blood  Necr           59%        N/A       1%          2

Your spell library contained the following spells:

 Spells                   Type           Power      Damage    Failure   Level
 Foxfire                  Conj/Fire      100%       2x1d9     1%          1
 Magic Dart               Conj           100%       1d8       1%          1
 Shock                    Conj/Air       100%       1d9       1%          1
 Ensorcelled Hibernation  Hex/Ice        56%        N/A       1%          2
 Searing Ray              Conj           100%       2d8       1%          2
 Static Discharge         Conj/Air       33%        3-8/arc   1%          2
 Dazzling Flash           Conj/Hex       98%        N/A       1%          3
 Gell's Gravitas          Tloc           46%        N/A       1%          3
 Lesser Beckoning         Tloc           46%        N/A       1%          3
 Teleport Other           Tloc           46%        N/A       1%          3
 Tukima's Dance           Hex            45%        N/A       1%          3
 Conjure Flame            Conj/Fire      33%        6-21      2%          3
 Inner Flame              Hex/Fire       28%        N/A       4%          3
 Mephitic Cloud           Conj/Pois/Air  26%        N/A       4%          3
 Summon Guardian Golem    Hex/Summ       28%        N/A       4%          3
 Beastly Appendage        Tmut           24%        N/A       7%          1
 Sting                    Tmut/Pois      48%        1d5       7%          1
 Summon Small Mammal      Summ           48%        N/A       7%          1
 Call Imp                 Summ           12%        N/A       10%         2
 Poisonous Vapours        Pois/Air       24%        N/A       10%         2
 Scorch                   Fire           24%        2d6       10%         2
 Wereblood                Tmut           12%        N/A       10%         2
 Call Canine Familiar     Summ           12%        N/A       21%         3
 Frozen Ramparts          Ice            24%        1d4       21%         3
 Ignite Poison            Fire/Tmut/Pois 12%        N/A       21%         3
 Spider Form              Tmut/Pois      12%        N/A       21%         3
 Swiftness                Air            12%        N/A       21%         3
 Fulminant Prism          Conj/Hex       24%        3d13      1%          4
 Iskenderun's Mystic Bla  Conj/Tloc      50%        2d11      1%          4
 Agony                    Necr           59%        N/A       1%          5
 Cause Fear               Hex            22%        N/A       2%          4
 Iskenderun's Battlesphe  Conj           53%        2d10      3%          5
 Manifold Assault         Tloc           46%        N/A       7%          5
 Flame Wave               Conj/Fire      33%        2d8       9%          4
 Hailstorm                Conj/Ice       33%        3d8       9%          4
 Sticky Flame             Conj/Fire      33%        2d5       9%          4
 Corpse Rot               Necr/Pois/Air  29%        N/A       12%         4
 Petrify                  Tmut/Erth      30%        N/A       12%         4
 Iron Shot                Conj/Erth      25%        9d5       22%         6
 Irradiate                Conj/Tmut      16%        3d17      24%         5
 Lightning Bolt           Conj/Air       16%        1d30      24%         5
 Summon Forest            Summ/Tloc      14%        N/A       34%         5
 Metabolic Englaciation   Hex/Ice        14%        N/A       36%         5
 Silence                  Hex/Air        14%        N/A       36%         5
 Summon Mana Viper        Hex/Summ       28%        N/A       36%         5
 Yara's Violent Unravell  Hex/Tmut       14%        3d7       36%         5
 Dispersal                Tloc           23%        N/A       36%         6
 Freezing Cloud           Conj/Ice/Air   13%        6-21      43%         5
 Airstrike                Air            6%         0-3+      54%         4
 Simulacrum               Ice/Necr       19%        N/A       61%         6
 Orb of Destruction       Conj           26%        9d9       67%         7
 Starburst                Conj/Fire      16%        6d6       78%         6
 Statue Form              Tmut/Erth      20%        N/A       87%         6
 Alistair's Intoxication  Tmut/Pois      8%         N/A       88%         5
 Blade Hands              Tmut           6%         N/A       88%         5
 Enfeeble                 Hex            22%        N/A       92%         7
 Infestation              Necr           29%        N/A       95%         8
 Haunt                    Necr/Summ      19%        N/A       99%         7
 Eringya's Noxious Bog    Tmut/Pois      6%         N/A       100%        6
 Summon Cactus Giant      Summ           6%         N/A       100%        6
 Malign Gateway           Summ/Tloc      14%        N/A       100%        7
 Monstrous Menagerie      Summ           6%         N/A       100%        7
 Ozocubu's Refrigeration  Ice            6%         4d6       100%        7
 Storm Form               Tmut/Air       6%         N/A       100%        7
 Discord                  Hex            22%        N/A       100%        8
 Disjunction              Tloc           23%        N/A       100%        8
 Chain Lightning          Conj/Air       16%        3d22      100%        9
 Death's Door             Necr           29%        N/A       100%        9
 Dragon's Call            Summ           6%         N/A       100%        9
 Fire Storm               Conj/Fire      16%        8d4       100%        9


Dungeon Overview and Level Annotations

Branches:
Dungeon (15/15)            Temple (1/1) D:5            Lair (5/5) D:10
 Shoals (4/4) Lair:2       Spider (4/4) Lair:2        Slime (0/5) Lair:4
    Orc (2/2) D:12            Elf (0/3) Orc:2        Vaults (2/5) D:13
 Depths (0/4) D:15        Ossuary (visited)           IceCv (visited)
  Crypt: Vaults:2-3

Altars:
Ashenzari
Cheibriados
Dithmenos
Elyvilon
Fedhas
Gozag
Hepliaklqana
Kikubaaqudgha
Makhleb
Nemelex Xobeh
Okawaru
Qazlal
Ru
Sif Muna
Trog
Uskayaw
Vehumet
Wu Jian
Xom
Yredelemnul
Zin
The Shining One
Jiyva

Shops:
Orc:2 :?[!   Shoals:2 (   Vaults:1 :

Portals:
Trove: D:10 (give +2 gold dragon scales)

Annotations:
D:14 2 transporters, SkeletonJelly's ghost, journeyman TeMo
Lair:4 4 runed translucent doors, Xutikh's ghost, journeyman SpCA
Shoals:3 1 runed translucent door, Kubbetwogg's ghost, journeyman FeEn
Spider:1 1 runed translucent door, Mecw's ghost, adept GrFi
Spider:4 3 runed translucent doors, Qusyotyd's ghost, journeyman MeHW


Innate Abilities, Weirdness & Mutations

You are amphibious.
You cover ground slowly.
You can hop long distances.
You have an extended range of vision and can be seen from far away.


Message History

The sphinx hits your spectral yaktaur!
The sphinx hits your spectral yaktaur but does no damage.
The sphinx hits your spectral yaktaur.
The stone giant is engulfed in freezing vapours.
You kill the stone giant!
Sif Muna accepts your kill.
A glowing mist starts to gather...
Your spectral ironbound convoker is engulfed in freezing vapours.
Your spectral ironbound convoker hits the deep troll.
The harpy claws you!
* * * LOW HITPOINT WARNING * * *
The harpy claws you.
* * * LOW HITPOINT WARNING * * *
Your spectral yaktaur is engulfed in freezing vapours.
Your spectral yaktaur hits the sphinx.
The sphinx is engulfed in freezing vapours.
The sphinx hits your spectral yaktaur!
Your spectral yaktaur is destroyed!
The deep troll bites your spectral ironbound convoker!!
The deep troll claws your spectral ironbound convoker!!
Your spectral ironbound convoker is destroyed!
Your spectral stone giant is engulfed in freezing vapours.
Your spectral stone giant hits the sphinx!!
You can move again.
Unknown command.
Unknown command.
Okay, then.
You don't have enough magic to cast this spell.
Unknown command.
Your unholy channel is weakening.
The harpy barely misses you. The harpy completely misses you.
The sphinx is engulfed in freezing vapours.
You kill the sphinx!
Sif Muna accepts your kill.
A glowing mist starts to gather...
The harpy claws you but does no damage. x2
Electricity crackles from the ironbound thunderhulk's apparatus.
The bolt of lightning hits you!!!
* * * LOW HITPOINT WARNING * * *
The deep troll bites you.
You die...

..........+.##.#
..........##.Z##
..........##.Z##
..........#.##.#
.........##+##+###
.........#.......#
.........#.......#
........H#.......#
......Z§@'.......#
......☼§T#.......#
....Z§§.H#.......#
.....§§§T#.......#
.....§§§§##+######
.....§§§§§
.......§§§
........O.
########..


You could see an ironbound thunderhulk, 2 deep trolls, 2 harpies, a friendly
spectral sphinx and a friendly spectral stone giant.

Vanquished Creatures
  Jorgrun (D:12)
  A lich (Abyss:3)
  Mlioglotl (Shoals:4)
  3 krakens
  A sphinx (Vaults:2)
  A tentacled starspawn (Abyss:3)
  Polyphemus (Shoals:2)
  2 fire giants (D:15)
  Roxanne (Shoals:1)
  Louise (Shoals:1)
  Aizul (Shoals:1)
  An orc warlord (Orc:2)
  A frost giant (D:15)
  2 ghost moths (Spider:4)
  2 vault wardens (Vaults:2)
  An emperor scorpion (Spider:4)
  2 ironbound preservers (Vaults:1)
  2 very ugly things
  A stone giant (Vaults:2)
  4 ironbound thunderhulks (Vaults:1)
  Nessos (D:13)
  2 entropy weavers
  A dire elephant (Vaults:1)
  3 merfolk javelineers (Shoals:4)
  Josephine (D:13)
  4 yaktaur captains
  7 merfolk impalers
  A rakshasa (D:11)
  2 jorogumos
  10 hydras
  An ogre mage (D:11)
  4 catoblepae
  7 centaur warriors
  6 boulder beetles
  A vault guard (Vaults:2)
  3 merfolk aquamancers (Shoals:4)
  2 merfolk avatars
  An alligator snapping turtle (Shoals:4)
  3 ironbound frosthearts
  4 radroaches
  13 two-headed ogres
  6 death scarabs (Spider:4)
  A satyr (Shoals:4)
  10 death yaks
  2 thrashing horrors (Abyss:3)
  7 orc high priests
  Sonja (D:13)
  13 pharaoh ants
  A sixfirhy (Abyss:3)
  Amaemon (Lair:3)
  12 sea snakes
  3 skeletal warriors (D:15)
  2 fire crabs
  8 deep trolls (Vaults:1)
  An entropy weaver zombie (Vaults:1)
  2 kraken simulacra (Shoals:4)
  3 orb spiders
  2 ogre zombies (Vaults:1)
  A glowing orange brain (shapeshifter) (D:8)
  5 wizards
  2 steelbarb worms (Spider:2)
  2 ironbound convokers
  2 spectral wolf spiders (Spider:4)
  5 orc knights
  2 wolf spider zombies (Spider:2)
  An ugly thing zombie (Vaults:1)
  6 deep elf pyromancers
  17 harpies
  2 lindwurms (Vaults:1)
  21 ugly things
  10 wolf spiders
  5 orc sorcerers
  7 manticores
  10 cyclopes
  2 merfolk sirens
  15 fauns
  2 vault sentinels
  2 elephants (Lair:3)
  4 moths of wrath
  2 black mambas (Lair:5)
  13 cane toads
  3 unseen horrors
  A smoke demon (Abyss:3)
  4 water nymphs
  A torpor snail (Spider:2)
  2 large abominations (Abyss:3)
  An orange demon (Lair:3)
  3 gargoyles
  2 yaktaur zombies (Vaults:1)
  2 efreet
  4 redback zombies
  4 komodo dragons
  Maggie (D:9)
  An unseen horror (shapeshifter) (D:13)
  A hellion (Abyss:3)
  A freezing wraith (D:15)
  A steelbarb worm zombie (Spider:4)
  4 rime drakes
  2 kobold demonologists (D:11)
  6 yaktaurs
  6 demonic crawlers
  4 tengu conjurers
  2 hornets
  2 meliai (shapeshifter) (D:15)
  10 merfolk
  A silent spectre (Abyss:3)
  9 trolls
  4 polar bears
  3 spectral jumping spiders (Spider:4)
  16 tarantellas
  A raiju (Abyss:3)
  A spectral tarantella (Spider:4)
  A raiju (shapeshifter) (D:15)
  3 wind drakes
  2 tarantella zombies
  4 snapping turtles
  8 slime creatures
  A radroach zombie (Spider:2)
  9 dream sheep
  2 culicivora zombies (Spider:4)
  14 blink frogs
  A jumping spider zombie (Spider:4)
  11 jumping spiders
  A flying skull (Abyss:3)
  8 culicivoras
  4 starcursed masses (Abyss:3)
  25 yaks
  7 wraiths
  A hog (shapeshifter) (D:14)
  A shadow (D:12)
  3 wyverns
  A ynoxinul (Abyss:3)
  4 hogs
  3 basilisks
  4 water elementals
  A steam dragon (D:9)
  10 vampire mosquitoes
  20 redbacks
  A swamp worm (shapeshifter) (D:15)
  A death yak simulacrum (IceCv)
  9 wargs
  A two-headed ogre zombie (D:15)
  3 acid dragons
  A naga (Abyss:3)
  13 water moccasins
  2 ice beasts
  2 sky beasts (D:7)
  50 orc warriors
  4 boggarts (D:15)
  3 black bears
  A lindwurm zombie (Vaults:1)
  23 wolves
  13 ogres
  A manticore zombie (Lair:5)
  15 centaurs
  A phantom (D:6)
  2 elf zombies (Ossuary)
  12 kobold brigands
  6 bullfrogs
  A necrophage (D:7)
  7 gnoll sergeants
  2 scorpions (D:7)
  3 small abominations (Abyss:3)
  A cane toad simulacrum (IceCv)
  2 wights (D:8)
  An electric eel (Lair:2)
  A centaur zombie (Ossuary)
  15 howler monkeys
  2 jellies
  2 human zombies
  11 hounds
  38 orc priests
  4 gnoll boudas
  An iron imp (Abyss:3)
  3 hell rats (Lair:4)
  4 iguanas
  27 orc wizards
  A polar bear simulacrum (IceCv)
  A spriggan simulacrum (IceCv)
  A wolf simulacrum (IceCv)
  3 mummies
  17 gnolls
  8 adders
  A shadow imp (D:5)
  5 white imps
  An adder zombie (Ossuary)
  A worm (D:3)
  3 dart slugs
  97 orcs
  7 ball pythons
  6 endoplasms
  3 giant cockroaches
  2 goblins
  10 hobgoblins
  14 kobolds
  2 quokkas
  2 bats (D:1)
  4 frilled lizards
  A goblin zombie (Ossuary)
  13 hobgoblin zombies (Ossuary)
  12 kobold zombies (Ossuary)
  4 orc zombies (Ossuary)
  4 rats
  A rat zombie (Ossuary)
  A starspawn tentacle (Abyss:3)
  2 tentacles
1088 creatures vanquished.

Vanquished Creatures (collateral kills)
  Arachne (Spider:4)
  Kirke (Lair:5)
  Ilsuiw (Shoals:2)
  2 emperor scorpions (Spider:4)
  2 ghost moths
  2 ironbound preservers (Vaults:1)
  2 broodmothers
  3 entropy weavers
  2 dire elephants (Vaults:1)
  A great orb of eyes (Vaults:1)
  2 yaktaur captains (Vaults:1)
  2 merfolk impalers
  A vault guard (Vaults:2)
  A boulder beetle (Spider:4)
  3 ironbound frosthearts
  A hydra (Lair:5)
  A jorogumo (Spider:3)
  A catoblepas (Shoals:2)
  A centaur warrior (Shoals:2)
  A merfolk aquamancer (Shoals:4)
  An alligator snapping turtle (Shoals:3)
  2 two-headed ogres
  6 death yaks
  A spectral emperor scorpion (Spider:4)
  4 pharaoh ants
  6 sea snakes
  5 steelbarb worms
  2 orb spiders
  A wizard (Vaults:1)
  A wolf spider zombie (Spider:3)
  2 lindwurms (Vaults:1)
  5 harpies
  3 deep trolls (Vaults:1)
  5 fauns
  A cyclops (Shoals:4)
  3 moths of wrath
  13 wolf spiders
  6 manticores
  An elephant (Lair:4)
  5 merfolk sirens
  A black mamba (Lair:1)
  A water nymph (Shoals:4)
  A gargoyle (D:14)
  A vault sentinel (Vaults:1)
  A rime drake (Lair:4)
  10 demonic crawlers
  A torpor snail (Spider:3)
  A spectral redback (Spider:4)
  2 cane toads
  7 yaktaurs
  A komodo dragon (Lair:4)
  2 kobold demonologists (D:10)
  8 merfolk
  A wolf spider simulacrum (D:15)
  2 spectral jumping spiders (Spider:4)
  2 jumping spider zombies (Spider:4)
  3 wind drakes
  A spectral tarantella (Spider:4)
  13 tarantellas
  A tarantella zombie (Spider:4)
  2 dream sheep (Shoals:4)
  4 slime creatures
  7 blink frogs
  A snapping turtle (Shoals:4)
  12 jumping spiders
  14 culicivoras
  2 water elementals (Shoals:4)
  2 wyverns (Lair:4)
  23 yaks
  2 basilisks
  A hog (Lair:5)
  2 vampire mosquitoes
  23 redbacks
  An acid dragon (D:10)
  5 water moccasins
  3 orc warriors
  An ogre (D:12)
  2 centaurs (D:14)
  5 wolves (Lair:5)
  A kobold brigand (D:10)
  2 gnoll sergeants (D:12)
  A wight (D:8)
  A jelly (D:6)
  An orc priest (Orc:2)
  2 hell rats (Lair:4)
  An adder (D:2)
  19 orcs
  A ball python (D:2)
  3 kobolds (D:10)
  3 training dummies (Shoals:2)
311 creatures vanquished.

Vanquished Creatures (others)
  2 emperor scorpions (Spider:4)
  2 merfolk javelineers (Shoals:4)
  A yaktaur captain (Vaults:1)
  An ogre mage (D:15)
  An emperor scorpion zombie (Spider:4)
  3 pharaoh ants
  An entropy weaver zombie (Spider:3)
  2 ghost moth zombies
  2 orb spiders
  3 harpies
  A jorogumo zombie (Spider:2)
  11 ugly thing zombies
  7 wolf spider zombies
  2 wolf spiders
  An ugly thing (Vaults:1)
  7 fauns
  3 dire elephant zombies (Vaults:1)
  A torpor snail (Spider:4)
  A yaktaur zombie (Vaults:1)
  A catoblepas zombie (Lair:5)
  8 human zombies
  7 redback zombies
  5 death yak zombies
  A steelbarb worm zombie (Spider:2)
  A yaktaur (Vaults:1)
  A sea snake zombie (Shoals:1)
  An orb spider zombie (Spider:4)
  5 demonic crawler zombies
  4 hydra zombies
  14 harpy zombies
  A great orb of eyes zombie (Vaults:1)
  3 jumping spider zombies
  A moth of wrath zombie (Spider:2)
  8 tarantella zombies
  5 culicivora zombies
  A jumping spider (Spider:3)
  A slime creature zombie (D:15)
  A culicivora (Spider:2)
  A wind drake zombie (Shoals:4)
  2 deep troll zombies (Vaults:1)
  4 ogre zombies
  6 faun zombies
  2 water nymph zombies (Shoals:4)
  2 two-headed ogre zombies
  8 merfolk zombies (Shoals:4)
  6 dream sheep zombies (Shoals:4)
  An elephant zombie (Lair:3)
  An elf zombie (D:14)
  4 manticore zombies
  A lindwurm zombie (Vaults:1)
  3 vampire mosquito zombies (D:15)
  A blink frog zombie (Lair:4)
  2 rime drake zombies (Lair:1)
  A torpor snail zombie (Spider:2)
  2 hog zombies (Lair:5)
  2 komodo dragon zombies
  5 cyclops zombies
  4 water moccasin zombies
  3 warg zombies (Orc:1)
  12 yak zombies
  A troll zombie (Orc:2)
  9 wolf zombies
  6 centaur zombies (D:14)
  2 basilisk zombies
  A kobold zombie (D:12)
  A hound zombie (D:6)
  5 howler monkey zombies (D:6)
  2 gnoll zombies (D:12)
  An iguana zombie (D:10)
  35 orc zombies
  24 fungi
  142 plants
  8 starspawn tentacles
  89 tentacles
520 creatures vanquished.

Grand Total: 1919 creatures vanquished

Notes
Turn   | Place    | Note
-------+----------+-------------------------------------------
     0 | D:1      | RBrandon the Barachi Necromancer began the quest for the
                  | Orb.
     0 | D:1      | Reached XP level 1. HP: 13/13 MP: 3/3
   138 | D:1      | Reached XP level 2. HP: 10/19 MP: 0/5
   657 | D:1      | Found a faded altar of an unknown god.
  1556 | D:2      | Reached XP level 3. HP: 24/24 MP: 6/8
  1651 | D:2      | Learned a level 3 spell: Vampiric Draining
  2013 | D:2      | Reached XP level 4. HP: 8/30 MP: 1/9
  3330 | D:3      | Learned a level 4 spell: Animate Dead
  3406 | D:4      | Reached skill level 5 in Necromancy
  3406 | D:4      | Reached XP level 5. HP: 35/35 MP: 2/10
  3747 | D:4      | Noticed an ogre
  3757 | D:4      | Killed an ogre
  3834 | D:4      | Reached XP level 6. HP: 14/41 MP: 1/11
  4091 | D:4      | Identified the +3 scale mail of Irchao Jiwk {*Slow rN+
                  | Stlth+}
  4556 | D:5      | Entered Level 5 of the Dungeon
  4823 | D:5      | Reached XP level 7. HP: 8/46 MP: 5/12
  5952 | D:5      | Found a staircase to the Ecumenical Temple.
  5971 | Temple   | Entered the Ecumenical Temple
  6264 | Temple   | Became a worshipper of Sif Muna the Loreminder
  6961 | D:6      | Reached XP level 8. HP: 52/52 MP: 13/13
  7379 | D:6      | Reached * piety under Sif Muna
  7380 | D:6      | Reached skill level 1 in Armour
  7420 | D:6      | Reached skill level 1 in Invocations
  7435 | D:6      | Reached XP level 9. HP: 6/57 MP: 3/14
  7500 | D:6      | You fall into a shaft and drop 3 floors!
  7957 | D:8      | Reached skill level 5 in Invocations
  8060 | D:8      | Noticed a hornet
  8066 | D:8      | Killed a hornet
  8369 | D:7      | Noticed a boulder beetle
  8381 | D:7      | Found a sand-covered staircase.
  8406 | Ossuary  | Entered an ossuary
  9090 | Ossuary  | Reached ** piety under Sif Muna
  9123 | Ossuary  | Reached skill level 1 in Fighting
  9527 | D:7      | Killed a boulder beetle
  9674 | D:7      | Reached skill level 5 in Fighting
  9674 | D:7      | Reached XP level 10. HP: 46/74 MP: 5/15
  9856 | D:7      | Paralysed by a hornet for 2 turns
 10353 | D:6      | Reached skill level 1 in Ranged Weapons
 10428 | D:6      | Reached skill level 2 in Ranged Weapons
 10610 | D:6      | Reached skill level 3 in Ranged Weapons
 10861 | D:6      | Reached skill level 5 in Dodging
 11360 | D:6      | Learned a level 5 spell: Agony
 12037 | D:7      | Noticed a boulder beetle
 12057 | D:7      | Killed a boulder beetle
 12058 | D:7      | Reached skill level 10 in Fighting
 12058 | D:7      | Reached XP level 11. HP: 74/92 MP: 10/16
 12727 | D:8      | Identified the +7 mace of Suseawire {vorpal, rPois Int+3
                  | Dex-5 Stlth+}
 12882 | D:8      | Noticed a white ugly thing
 13014 | D:8      | Noticed a faun
 13014 | D:8      | Noticed a deep elf pyromancer
 13033 | D:8      | Killed a white ugly thing
 13158 | D:8      | Identified the ring of Deawetut {MP+9 Str+2}
 13289 | D:8      | Killed a deep elf pyromancer
 13289 | D:8      | Reached *** piety under Sif Muna
 13294 | D:8      | Noticed a glowing orange brain
 13298 | D:8      | Killed a glowing orange brain
 13299 | D:8      | Reached skill level 4 in Ranged Weapons
 13432 | D:9      | Noticed Maggie
 13447 | D:9      | Reached skill level 5 in Ranged Weapons
 13448 | D:9      | Killed Maggie
 13728 | D:9      | Reached skill level 6 in Ranged Weapons
 14293 | D:9      | Reached skill level 7 in Ranged Weapons
 14484 | D:10     | Entered Level 10 of the Dungeon
 14573 | D:10     | Reached skill level 8 in Ranged Weapons
 14576 | D:10     | Reached **** piety under Sif Muna
 14598 | D:10     | Found a staircase to the Lair.
 14619 | D:10     | Reached skill level 9 in Ranged Weapons
 14624 | D:10     | Reached XP level 12. HP: 101/101 MP: 17/17
 14681 | D:10     | Reached skill level 10 in Ranged Weapons
 14791 | D:10     | Found a portal to a secret trove of treasure.
 14849 | D:10     | Found a burning altar of Makhleb.
 14849 | D:10     | Found a bloodstained altar of Trog.
 14975 | D:10     | Noticed a two-headed ogre
 14978 | D:10     | Killed a two-headed ogre
 15304 | Lair:1   | Entered Level 1 of the Lair of Beasts
 15307 | Lair:1   | Found a frozen archway.
 15318 | Lair:1   | Reached skill level 11 in Ranged Weapons
 15390 | IceCv    | Entered an ice cave
 15408 | IceCv    | Reached ***** piety under Sif Muna
 15516 | Lair:1   | Identified a scroll of acquirement
 15518 | Lair:1   | Acquired the Octavo of Non-Euclidean Blows and Bruises
 15523 | Lair:1   | Learned a level 2 spell: Blink
 15620 | Lair:1   | Learned a level 4 spell: Iskenderun's Mystic Blast
 15625 | Lair:1   | Reached skill level 1 in Translocations
 15969 | Lair:1   | Reached skill level 5 in Translocations
 16345 | Lair:2   | You fall into a shaft and drop 1 floor!
 16495 | Lair:3   | Gained mutation: You can hop long distances. [Barachi
                  | growth]
 16495 | Lair:3   | Reached XP level 13. HP: 107/107 MP: 19/19
 16557 | Lair:3   | Noticed Amaemon
 16576 | Lair:3   | Killed Amaemon
 16756 | Lair:3   | Reached skill level 5 in Conjurations
 16856 | Lair:3   | Received a gift from Sif Muna
 17249 | Lair:4   | Found a runed translucent gate.
 17249 | Lair:4   | Found a runed translucent gate.
 17249 | Lair:4   | Found a runed translucent gate.
 17645 | Lair:4   | Noticed Xutikh's ghost (journeyman SpCA)
 17697 | Lair:4   | Reached skill level 10 in Conjurations
 17847 | Lair:4   | Found a runed translucent door.
 17847 | Lair:4   | Found a viscous altar of Jiyva.
 17848 | Lair:4   | Found a staircase to the Slime Pits.
 17848 | Lair:4   | Noticed an azure jelly
 18319 | Lair:5   | Entered Level 5 of the Lair of Beasts
 18324 | Lair:5   | Reached skill level 12 in Ranged Weapons
 18463 | Lair:5   | Found a blossoming altar of Fedhas.
 18512 | Lair:5   | Reached XP level 14. HP: 114/114 MP: 20/20
 18583 | Lair:5   | Reached skill level 13 in Ranged Weapons
 18856 | Lair:5   | Received a gift from Sif Muna
 18857 | Lair:5   | Got Sif Muna's Incunable of Changing {god gift}
 18861 | Lair:5   | Noticed Kirke
 18890 | Lair:5   | Noticed a sphinx
 19109 | Lair:5   | Reached skill level 14 in Ranged Weapons
 19616 | Lair:5   | Reached skill level 15 in Ranged Weapons
 20199 | Lair:5   | Killed Kirke
 20477 | D:11     | Reached skill level 16 in Ranged Weapons
 20594 | D:11     | Noticed a stone giant
 21014 | D:11     | Found a sparkling altar of Nemelex Xobeh.
 21250 | D:11     | Reached XP level 15. HP: 115/120 MP: 21/21
 21273 | D:11     | Received a gift from Sif Muna
 21274 | D:11     | Got Sif Muna's Easy Spellweaving {god gift}
 21516 | D:11     | Noticed a shard shrike
 21516 | D:11     | Noticed a juggernaut
 21516 | D:11     | a shard shrike changed into a juggernaut
 21651 | D:12     | Reached skill level 17 in Ranged Weapons
 21975 | D:12     | Noticed Jorgrun
 21990 | D:12     | Killed Jorgrun
 21991 | D:12     | Reached skill level 5 in Spellcasting
 22003 | D:12     | Learned a level 5 spell: Borgnjor's Vile Clutch
 22095 | D:12     | Found a staircase to the Orcish Mines.
 22124 | D:12     | Reached skill level 1 in Earth Magic
 22295 | Orc:1    | Entered Level 1 of the Orcish Mines
 22676 | Orc:1    | Received a gift from Sif Muna
 22678 | Orc:1    | Got Sif Muna's Papyrus of Hypothermia and the Compass {god
                  | gift}
 23047 | Orc:2    | Entered Level 2 of the Orcish Mines
 23231 | Orc:2    | Reached skill level 5 in Earth Magic
 23469 | Orc:2    | Reached skill level 10 in Necromancy
 23781 | Orc:2    | Noticed an orc warlord
 23888 | Orc:2    | Killed an orc warlord
 24114 | Orc:2    | Found a staircase to the Elven Halls.
 24464 | Orc:2    | Reached ****** piety under Sif Muna
 24618 | Orc:2    | Received a gift from Sif Muna
 24648 | Orc:2    | Found Zegioxum's Magic Scroll Emporium.
 24657 | Orc:2    | Bought a scroll of acquirement for 676 gold pieces
 24707 | Orc:2    | Found Akanunev's Book Shoppe.
 24866 | Orc:2    | Bought a scroll of blinking for 97 gold pieces
 24866 | Orc:2    | Bought a scroll of teleportation for 39 gold pieces
 25299 | Orc:2    | Found Ufynwial's Antique Armour Boutique.
 25310 | Orc:2    | Found Zozoyryl's Distillery.
 25831 | D:13     | Found a gate to the Vaults.
 25839 | D:13     | Reached XP level 16. HP: 88/127 MP: 23/23
 25984 | D:13     | Noticed Nessos
 25989 | D:13     | Killed Nessos
 25992 | D:13     | Found an ancient bone altar of Kikubaaqudgha.
 26051 | D:13     | Noticed Sonja
 26059 | D:13     | Killed Sonja
 26177 | D:13     | Noticed Josephine
 26189 | D:13     | Killed Josephine
 26520 | Abyss:3  | Cast into level 3 of the Abyss (a wizard)
 26567 | Abyss:3  | Paralysed by accursed screaming for 1 turns
 26733 | Abyss:3  | Received a gift from Sif Muna
 26736 | Abyss:3  | Noticed a tentacled monstrosity
 26784 | Abyss:3  | Noticed a lich
 26787 | Abyss:3  | Killed a lich
 26806 | Abyss:3  | Noticed a tentacled starspawn
 26807 | Abyss:3  | Noticed a tentacled starspawn
 26820 | Abyss:3  | Noticed an ancient lich
 26822 | Abyss:3  | Killed a tentacled starspawn
 26829 | D:14     | Escaped the Abyss
 26949 | D:14     | Learned a level 4 spell: Leda's Liquefaction
 27020 | D:14     | Reached skill level 1 in Hexes
 27403 | D:14     | Found a transporter.
 27409 | D:14     | Found a transporter.
 27412 | D:14     | Found a bloodstained altar of Trog.
 27414 | D:14     | Noticed SkeletonJelly's ghost (journeyman TeMo)
 27552 | D:15     | Entered Level 15 of the Dungeon
 27574 | D:15     | Reached skill level 5 in Hexes
 27916 | D:15     | Found a staircase to the Depths.
 28241 | D:15     | Received a gift from Sif Muna
 28242 | D:15     | Got Sif Muna's Vellum of Kinetic Beguiling {god gift}
 28626 | D:15     | Reached XP level 17. HP: 125/133 MP: 13/29
 28857 | D:15     | Found the +3 giant club "Skullcrusher" {speed, Str+7}
 28861 | D:15     | Got the Incunabulum of Snowy Enchantment
 28862 | D:15     | Identified the +11 shortbow of Arhier {flame, rPois rF++}
 28877 | D:15     | Learned a level 4 spell: Anguish
 29141 | Lair:2   | Found a staircase to the Shoals.
 29304 | Lair:2   | Found a hole to the Spider Nest.
 29797 | Shoals:1 | Entered Level 1 of the Shoals
 30261 | Shoals:1 | Noticed Aizul
 30278 | Shoals:1 | Killed Aizul
 30436 | Shoals:1 | Noticed Roxanne
 30458 | Shoals:1 | Killed Roxanne
 30459 | Shoals:1 | Reached skill level 18 in Ranged Weapons
 30644 | Shoals:1 | Noticed Louise
 30656 | Shoals:1 | Killed Louise
 31165 | Shoals:1 | Upgraded the game from 0.29-a0-878-g7b45a56547 to
                  | 0.29-a0-887-gcbe080d7e0
 31178 | Shoals:2 | Found Ume Tuza's Firing Range.
 31184 | Shoals:2 | Received a gift from Sif Muna
 31185 | Shoals:2 | Got Keabiusa's Precepts of Cloudy Poison {god gift}
 31235 | Shoals:2 | Noticed Ilsuiw
 31244 | Shoals:2 | Killed Ilsuiw
 31318 | Shoals:2 | Noticed Polyphemus
 31332 | Shoals:2 | Reached skill level 1 in Evocations
 31338 | Shoals:2 | Killed Polyphemus
 31379 | Shoals:2 | Learned a level 3 spell: Portal Projectile
 31934 | Shoals:3 | Reached XP level 18. HP: 139/139 MP: 30/30
 32076 | Shoals:3 | Identified the +8 quarterstaff "Plog" {vorpal, rPois rF+
                  | Will+++ Stlth+}
 32089 | Shoals:3 | Learned a level 1 spell: Apportation
 32254 | Shoals:3 | Found a runed translucent door.
 32254 | Shoals:3 | Noticed Kubbetwogg's ghost (journeyman FeEn)
 32585 | Shoals:3 | Found Rybej's CLEARANCE SALE!.
 32603 | Shoals:3 | Reached skill level 5 in Evocations
 32606 | Shoals:3 | Bought a wand of flame (6) for 16 gold pieces
 32606 | Shoals:3 | Bought a scroll of blinking for 30 gold pieces
 32606 | Shoals:3 | Bought a wand of paralysis (2) for 19 gold pieces
 32606 | Shoals:3 | Bought a wand of polymorph (4) for 22 gold pieces
 33001 | Shoals:4 | Entered Level 4 of the Shoals
 33056 | Shoals:4 | Received a gift from Sif Muna
 33159 | Shoals:4 | Got Sif Muna's Book of the Storm and Combustion {god gift}
 33581 | Shoals:4 | Got a barnacled rune of Zot
 33662 | Shoals:4 | Reached skill level 10 in Invocations
 33992 | Shoals:4 | Noticed Mlioglotl
 34013 | Shoals:4 | Noticed a lich
 34014 | Shoals:4 | Killed Mlioglotl
 34436 | Spider:1 | Entered Level 1 of the Spider Nest
 34626 | Spider:1 | Received a gift from Sif Muna
 34630 | Spider:1 | Reached skill level 10 in Dodging
 34630 | Spider:1 | Got Sif Muna's Almanac of the Legion {god gift}
 35086 | Spider:1 | Found a runed translucent door.
 35086 | Spider:1 | Noticed Mecw's ghost (adept GrFi)
 35230 | Spider:1 | Acquired a book of Decay
 35232 | Spider:1 | Acquired the +4 pair of gloves of Fedhas's Displeasure
                  | {Harm Will- Str+3}
 35451 | Spider:2 | Reached XP level 19. HP: 132/145 MP: 15/31
 35527 | Spider:2 | Learned a level 4 spell: Dispel Undead
 35813 | Spider:3 | Learned a level 6 spell: Death Channel
 35921 | Spider:3 | Reached skill level 10 in Spellcasting
 36346 | Spider:3 | Learned a level 2 spell: Sublimation of Blood
 36387 | Spider:3 | Received a gift from Sif Muna
 36388 | Spider:3 | Got Buafysa's Collected Works on Combative Vapour {god
                  | gift}
 36879 | Spider:4 | Entered Level 4 of the Spider Nest
 37066 | Spider:4 | Got the Precepts of the Winter
 37072 | Spider:4 | Noticed Arachne
 37080 | Spider:4 | Killed Arachne
 37379 | Spider:4 | Received a gift from Sif Muna
 37380 | Spider:4 | Got Iveedycs's Textbook on Friendly Forms {god gift}
 37629 | Spider:4 | Noticed Qusyotyd's ghost (journeyman MeHW)
 37635 | Spider:4 | Found a runed translucent gate.
 37635 | Spider:4 | Found a runed translucent gate.
 37637 | Spider:4 | Found a runed translucent gate.
 37687 | Spider:4 | Reached skill level 15 in Fighting
 37917 | Spider:4 | Reached XP level 20. HP: 120/154 MP: 28/35
 38474 | Spider:4 | Got a gossamer rune of Zot
 38485 | Spider:4 | Identified the +0 pair of gloves of Fun {Str+2}
 39120 | Vaults:1 | Entered Level 1 of the Vaults
 39268 | Vaults:1 | Received a gift from Sif Muna
 39285 | Vaults:1 | Reached skill level 19 in Ranged Weapons
 39835 | Vaults:1 | Reached skill level 20 in Ranged Weapons
 40020 | Vaults:1 | Received a gift from Sif Muna
 40022 | Vaults:1 | Got Sif Muna's Essays on Cunning Malignant Mysteries {god
                  | gift}
 40024 | Vaults:1 | Found Nux Emnie's Book Emporium.
 40668 | Vaults:2 | Paralysed by a sphinx for 3 turns
 40671 | Vaults:2 | HP: 2/164 [ironbound thunderhulk/bolt of lightning (43)]
 40671 | Vaults:2 | Slain by a deep troll

Illustrated notes

Levels and vault maps discovered:
D:1:      wander_arrival_chamber, layout_basic, serial_bayou,
          serial_bayou_pond_a, serial_bayou_pond_b, serial_bayou_pond_a,
          serial_bayou_pond_c, serial_bayou_shore_b, serial_bayou_lake_a,
          hellmonk_ecumenical_altar_zigzags
D:2:      layout_loops_ring
D:3:      layout_basic
D:4:      layout_loops_cross
D:5:      layout_basic, minmay_temple_entry_hall, minmay_statues_item
D:6:      lemuel_castle_with_subvaults [lemuel_castle_interior_carwin_2],
          layout_loops_ring
D:7:      cheibrodos_fzero, layout_loops_ring, gup_ossuary_entry_pyramid
D:8:      layout_basic, minmay_radiant
D:9:      layout_gridville, uniq_maggie
D:10:     layout_loops_ring, mainiacjoe_overflow_divided_tiny,
          minmay_lair_entry_grove, nicolae_trove_entry_free_sample,
          grunt_ministairs_5
D:11:     minmay_tile_spiral, layout_grid_maze, nemelex_spade_bored_becter
D:12:     layout_rooms, kennysheep_orc_monster_closet_entryway,
          minmay_diced_spiral, uniq_jorgrun
D:13:     hellmonk_crumbling_castle, layout_loops_ring,
          kiku_gazebo_garden_becter, uniq_nessos, uniq_josephine, uniq_sonja
D:14:     layout_cave_pools, gammafunk_ghost_wrathful_warriors,
          minmay_fountain_box
D:15:     grunt_enter_depths_giant_problem, layout_basic, minmay_crystal_water,
          minmay_checkered_concentric_circles
Temple:   mainiacjoe_temple_big_plus
Lair:1:   layout_regular_city, portal_ice_cave_rime, grunt_megastairs_1
Lair:2:   layout_roguey, elwin_shoals_entry_rocks,
          nicolae_spider_entry_orb_guardian, serial_bayou_shore_a
Lair:3:   layout_chaotic_city, uniq_amaemon
Lair:4:   layout_cellular_growth, slime_entry_2, gammafunk_ghost_icy
Lair:5:   evilmike_catoblepas_cave, layout_cave_pods, basic_altar,
          hangedman_lair_generics_rect, infiniplex_staircase_pool,
          serial_bayou_shore_b, uniq_kirke
Shoals:1: layout_shoals, uniq_aizul, uniq_louise, uniq_roxanne
Shoals:2: layout_shoals, nicolae_shop_firing_range, uniq_ilsuiw, uniq_polyphemus
Shoals:3: layout_shoals, ebering_ghost_reflecting_pool, nicolae_shop_clearance
Shoals:4: shoals_end_grunt_ice, layout_shoals, nicolae_shoals_shepherds,
          uniq_mlioglotl
Spider:1: layout_spider_delve, ebering_ghost_inner_flame
Spider:2: layout_spider_delve
Spider:3: layout_spider_delve
Spider:4: floodkiller_spider_rune_tomb, gammafunk_ghost_split, uniq_arachne
Orc:1:    layout_diamond_mine
Orc:2:    pubby_orc_utopia, serial_shops
Vaults:1: nicolae_vaults_twisting_passages, nicolae_vaults_asterisk,
          v_pattern_5, ontoclasm_vaults_ring_small, layout_vaults_big_room,
          serial_shops, shop
Vaults:2: grunt_vaults_hallway_short, nicolae_vaults_angled_halls,
          ontoclasm_vaults_claustrophobia, v_misc_23, ontoclasm_vaults_chip,
          hangedman_vaults_stretched_pinwheel, st_more_cells, vaults_dpeg_ring,
          layout_vaults_omnigrid

Skill      XL: |  1  2  3  4  5  6  7  8  9 10 11 12 13 14 15 16 17 18 19 20 |
---------------+-------------------------------------------------------------+-----
Spellcasting   | 3 4 5 8 11 | 11.8
Necromancy     | 4 5 6 8 9 12 | 12.4
Armour         | 1 3 4 |  4.7
Invocations    | 4 6 7 10 | 10.7
Fighting       | 5 10 11 15 | 15.9
Dodging        | 4 5 7 10 | 10.7
Ranged Weapons | 3 9 11 12 16 17 18 20 | 20.6
Translocations | 6 8 |  8.0
Conjurations   | 10 | 10.0
Earth Magic    | 5 7 8 |  8.5
Hexes          | 7 |  7.8
Evocations     | 4 5 |  5.7
Stealth        | |  1.7

Action                   |  1- 3 |  4- 6 |  7- 9 | 10-12 | 13-15 | 16-18 | 19-21 || total
-------------------------+-------+-------+-------+-------+-------+-------+-------++-------
Melee: Short sword       |    24 |    22 |   410 |       |       |       |       ||   456
       Unarmed           |     4 |       |       |       |     1 |       |       ||     5
       Punch             |       |       |     8 |     1 |       |       |       ||     9
       Trident           |       |       |     8 |   197 |       |       |       ||   205
       Triple crossbow   |       |       |       |     2 |     2 |     1 |     1 ||     6
 Fire: Shortbow          |       |       |       |    23 |       |       |       ||    23
       Triple crossbow   |       |       |       |   210 |   757 |   767 |   226 ||  1960
 Cast: Necrotise         |    52 |    78 |    29 |     5 |       |       |       ||   164
       Vampiric Draining |       |     3 |    30 |   135 |    91 |    24 |     8 ||   291
       Animate Dead      |       |       |     3 |    10 |    24 |    23 |    14 ||    74
       Blink             |       |       |       |       |    14 |     8 |       ||    22
       Iskenderun's Myst |       |       |       |       |    21 |    15 |       ||    36
       Borgnjor's Vile C |       |       |       |       |    43 |   144 |    53 ||   240
       Leda's Liquefacti |       |       |       |       |       |     5 |     2 ||     7
       Anguish           |       |       |       |       |       |    18 |    15 ||    33
       Portal Projectile |       |       |       |       |       |    28 |    18 ||    46
       Death Channel     |       |       |       |       |       |       |    29 ||    29
       Dispel Undead     |       |       |       |       |       |       |    24 ||    24
       Sublimation of Bl |       |       |       |       |       |       |     2 ||     2
       Chain Lightning   |       |       |       |       |       |       |     1 ||     1
Invok: Channel Magic     |       |       |     2 |     5 |     5 |    16 |     8 ||    36
       Forget Spell      |       |       |       |       |       |       |     1 ||     1
       Divine Exegesis   |       |       |       |       |       |       |     1 ||     1
 Abil: Hop               |     1 |     3 |     8 |     6 |    10 |    15 |     2 ||    45
Evoke: Wand              |       |     1 |     4 |    11 |     2 |     2 |       ||    20
       Condenser vane    |       |       |       |       |       |     3 |     2 ||     5
       Phial of floods   |       |       |       |       |       |     1 |       ||     1
       Tin of tremorston |       |       |       |       |       |     4 |     4 ||     8
       Piece from Xom's  |       |       |       |       |       |       |     1 ||     1
  Use: Scroll            |       |       |    18 |    13 |    10 |     8 |     3 ||    52
       Potion            |       |       |     6 |     2 |     1 |     8 |     1 ||    18
 Stab: Sleeping          |       |       |     1 |     1 |       |       |       ||     2
Armor: Robe              |     7 |     4 |    15 |       |       |       |       ||    26
       Ring mail         |       |       |   155 |    45 |       |       |       ||   200
       Troll leather arm |       |       |       |   163 |   238 |   359 |   118 ||   878
       Leather armour    |       |       |       |     6 |       |       |       ||     6
Dodge: Dodged            |    25 |    20 |   207 |   355 |   313 |   442 |   188 ||  1550
       Repelled          |       |       |     5 |     5 |     4 |     2 |       ||    16

Table legend: (Time is in decaauts)
 A = Elapsed time spent in this place.
 B = Non-inter-level travel time spent in this place.
 C = Inter-level travel time spent in this place.
 D = Time resting spent in this place.
 E = Time spent auto-exploring this place.
 F = Levels seen in this place.
 G = Mean time per level.
                   A        B        C        D        E       F      G
               +--------+--------+--------+--------+--------+-----+--------+
         Total |  46259 |  44036 |   2223 |   8042 |  24203 |  36 | 1285.0 |
       Dungeon |  21773 |  20805 |    968 |   5424 |  10700 |  15 | 1451.5 |
        Temple |    383 |    319 |     64 |      0 |    139 |   1 |  383.0 |
          Lair |   7012 |   6471 |    541 |    747 |   4208 |   5 | 1402.4 |
        Shoals |   5105 |   4957 |    148 |    494 |   2841 |   4 | 1276.2 |
   Spider Nest |   5111 |   4897 |    214 |    476 |   2887 |   4 | 1277.8 |
  Orcish Mines |   3632 |   3380 |    252 |    311 |   2089 |   2 | 1816.0 |
        Vaults |   1748 |   1715 |     33 |      6 |   1260 |   2 |  874.0 |
         Abyss |    391 |    391 |      0 |      0 |      0 |   1 |  391.0 |
       Ossuary |   1060 |   1060 |      0 |    572 |     75 |   1 | 1060.0 |
      Ice Cave |     39 |     39 |      0 |      9 |      0 |   1 |   39.0 |
               +--------+--------+--------+--------+--------+-----+--------+

Top non-repeatable levels by time:
     D:6: 2849 daAuts
   Orc:2: 2834 daAuts
Spider:4: 2284 daAuts
  Lair:5: 1962 daAuts
     D:5: 1833 daAuts
     D:7: 1755 daAuts
Shoals:4: 1593 daAuts
     D:1: 1586 daAuts
  Lair:4: 1567 daAuts
    D:15: 1565 daAuts
     D:9: 1539 daAuts
Shoals:3: 1517 daAuts
Vaults:1: 1447 daAuts
Shoals:1: 1421 daAuts
     D:8: 1418 daAuts

Table legend:
 A = Kills in this place as a percentage of kills in entire the game.
 B = Kills by you in this place as a percentage of kills by you in the entire game.
 C = Kills by friends in this place as a percentage of kills by friends in the entire game.
 D = Other kills in this place as a percentage of other kills in the entire game.
 E = Experience gained in this place as a percentage of experience gained in the entire game.
 F = Experience gained in this place divided by the number of levels of this place that you have seen.
                   A       B       C       D       E      F
               +-------+-------+-------+-------+-------+----------------------
         Total | 100.0 | 100.0 | 100.0 | 100.0 | 100.0 | 12920.6
       Dungeon |  31.1 |  38.1 |   9.7 |   3.7 |  19.5 | 6042.9
          Lair |  12.7 |  11.4 |  18.4 |   0.0 |  12.5 | 11625.2
        Shoals |  13.1 |  11.1 |  17.4 |  44.4 |  23.1 | 26834.8
   Spider Nest |  17.9 |  11.3 |  38.4 |  40.7 |  24.2 | 28131.8
  Orcish Mines |  14.5 |  17.1 |   6.8 |   0.0 |   6.0 | 13868.5
        Vaults |   5.8 |   4.6 |   9.4 |  11.1 |  12.2 | 28392.0
         Abyss |   1.8 |   2.3 |   0.0 |   0.0 |   2.4 | 11275.0
       Ossuary |   2.7 |   3.6 |   0.0 |   0.0 |   0.1 | 361.0
      Ice Cave |   0.4 |   0.6 |   0.0 |   0.0 |   0.1 | 351.0
               +-------+-------+-------+-------+-------+----------------------
